 Dungeon Crawl Stone Soup version 0.29.0-11-gd7f09526c8 (webtiles) character file.

Game seed: 13699756247167234465

1693 Flugkiller the Cleaver (level 8, 0/73 HPs)
             Began as a Minotaur Fighter on Sept 4, 2022.
             Was an Elder of Okawaru.
             Slain by a wyvern (3 damage)
             ... on level 7 of the Dungeon.
             The game lasted 00:02:33 (6646 turns).

Flugkiller the Cleaver (Minotaur Fighter)           Turns: 6646, Time: 00:02:33

Health: 0/73       AC:  7    Str: 21    XL:     8   Next: 72%
Magic:  10/10      EV:  9    Int:  5    God:    Okawaru [****..]
Gold:   249        SH:  4    Dex: 12    Spells: 7/7 levels left

rFire   . . .      SeeInvis .   a - +2 war axe (freeze)
rCold   . . .      Faith    .   c - +0 buckler
rNeg    . . .      Spirit   .   b - +0 scale mail
rPois   .          Reflect  .   (helmet restricted)
rElec   .          Harm     .   (no cloak)
rCorr   .          Rampage  .   (no gloves)
Will    .....                   (no boots)
Stlth   ..........              (no amulet)
HPRegen 0.22/turn               (no ring)
MPRegen 0.12/turn               (no ring)

@: no status effects
A: horns 2, retaliatory headbutt
a: Renounce Religion, Heroism, Finesse


You were on level 7 of the Dungeon.
You worshipped Okawaru.
Okawaru was greatly pleased with you.
You visited 1 branch of the dungeon, and saw 7 of its levels.

You collected 249 gold pieces.

Inventory:

Hand Weapons
 a - a +2 war axe of freezing (weapon)
Missiles
 e - a throwing net (quivered)
 s - 3 boomerangs of dispersal
 v - 10 boomerangs
Armour
 b - a +0 scale mail (worn)
 c - a +0 buckler (worn)
Wands
 k - a wand of mindburst (15)
   (You found it on level 6 of the Dungeon)
 p - a wand of roots (9)
   (You found it on level 4 of the Dungeon)
Scrolls
 h - 2 scrolls of fear
 l - 3 scrolls of magic mapping
 n - a scroll of vulnerability
 r - 2 scrolls of poison {unknown}
 t - 2 scrolls of teleportation
 u - a scroll of summoning {unknown}
Potions
 d - a potion of might
 f - 3 potions of magic {unknown}
 g - 2 potions of heal wounds {unknown}
 i - 2 potions of flight {unknown}
 j - a potion of brilliance {unknown}
 m - 3 potions of curing {unknown}
 o - 2 potions of mutation {unknown}
 q - a potion of lignification {unknown}


   Skills:
 + Level 7.0 Fighting
 * Level 8.9 Axes
 + Level 7.0 Armour
 - Level 0.2 Dodging
 - Level 3.6 Shields
 + Level 4.6 Invocations


You had 7 spell levels left.
You didn't know any spells.
Your spell library was empty.

Dungeon Overview and Level Annotations

Branches:
Dungeon (7/15)             Temple (0/1) D:5

Altars:
Ashenzari
Hepliaklqana
Okawaru
Sif Muna
The Shining One


Innate Abilities, Weirdness & Mutations

You have a pair of horns on your head.
You reflexively headbutt those who attack you in melee.


Message History

You completely miss the steam dragon. You block the steam dragon's attack.
The steam dragon barely misses you.
You slash the steam dragon! You freeze the steam dragon.
You headbutt the steam dragon.
The steam dragon is heavily wounded.
The steam dragon bites you. The steam dragon claws you.
You hit the steam dragon. You freeze the steam dragon.
You headbutt the steam dragon!
The steam dragon is almost dead.
The steam dragon breathes steam at you. The ball of steam hits you.
You hear an angry hiss.
You barely miss the steam dragon.
The steam dragon is almost dead.
You are engulfed in a cloud of scalding steam.
The steam dragon bites you.
The steam dragon claws you but does no damage.
You slash the steam dragon! You freeze the steam dragon.
You kill the steam dragon!
Okawaru is honoured by your kill.
You can now speed up your combat.
You are engulfed in a cloud of scalding steam.
Your Armour skill increases to level 7!
An adder comes into view.
The adder hisses angrily.
An adder is nearby!
An adder is nearby!
An adder is nearby!
You closely miss the adder. Your headbutt misses the adder.
The adder bites you but does no damage. x2
You barely miss the adder. Your headbutt misses the adder.
The adder bites you but does no damage.
You slash the adder! You freeze the adder.
You kill the adder!
Okawaru accepts your kill.
Your Fighting skill increases to level 7!
No target in view!
No target in view!
No target in view!
No target in view!
Done exploring.
Done exploring.
No target in view!
Done exploring.
Done exploring.
Done exploring.
No target in view!
(D) Dungeon (T) Temple
Where to? (Enter - D:6, ? - help)
There is a stone staircase leading down here.
You climb downwards.
The howler monkey howls!
You hear a shout!
Found 5 gold pieces and 5 atropa-tipped darts.
Found two stone staircases leading down.
There is a stone staircase leading up here.
There are monsters nearby!
Unknown command.
There are monsters nearby!
There are monsters nearby!
There are monsters nearby!
A wyvern comes into view.
The wyvern hisses angrily.
A wight comes into view. It is wielding a +0 falchion.
The howler monkey attacks as you move away!
The howler monkey hits you.
The howler monkey attacks as you move away!
The howler monkey barely misses you.
There is a stone staircase leading up here.
The howler monkey hits you. The wight barely misses you.
A shadow imp comes into view.
The howler monkey hits you but does no damage.
You completely miss the howler monkey. You slash the wyvern!
You freeze the wyvern.
The wyvern bites you but does no damage.
The howler monkey hoots and howls with incredible vigour!
The wyvern bites you! The wight closely misses you.
You hear a shout! x3; You hear a croak.
You hit the wyvern. You freeze the wyvern.
The wyvern is severely wounded.
You hit the howler monkey. You freeze the howler monkey.
A hound comes into view.
The wyvern closely misses you.
The howler monkey hits you but does no damage.
The wight hits you from afar with a +2 halberd!
A wight comes into view. It is wielding a +0 scimitar.
A wight comes into view. It is wielding a +0 halberd.
An orc comes into view. It is wielding a +0 short sword.
The wyvern bites you! The howler monkey hits you. The wyvern bites you.
* * * LOW HITPOINT WARNING * * *
The wight closely misses you.
You are too injured to fight recklessly!
The wight attacks as you move away! You block the wight's attack.
The hound barks!
You block the howler monkey's attack. The wyvern bites you!
* * * LOW HITPOINT WARNING * * *
The wight barely misses you. The howler monkey closely misses you.
You furiously retaliate!
You headbutt the howler monkey.
There is a stone staircase leading up, spattered with blood here.
Okay, then.
The wyvern bites you.
You die...

..... ... .....
###.. ..
.....##...## ...
....z.#...>###o.#
....z.......$...#
...............##
......>z........#
......5.zl.......
........h@.......
...#..........#..
..........#####
........h.#
≈≈≈.......#
≈....(.....
..8.........
.....#...


You could see a wyvern, a howler monkey, a hound, 4 wights, a shadow imp and an
orc.

Vanquished Creatures
  A steam dragon (D:6)
  A water moccasin (D:5)
  An ogre (D:6)
  A phantom (D:4)
  2 necrophages
  A bullfrog (D:6)
  5 scorpions
  A jelly (D:4)
  2 hounds (D:5)
  5 orc priests
  2 gnoll boudas
  Jessica (D:3)
  Terence (D:2)
  3 iguanas (D:5)
  4 orc wizards
  9 gnolls
  10 adders
  A white imp (D:5)
  An ufetubus (D:5)
  A worm (D:5)
  16 orcs
  8 ball pythons
  7 endoplasms
  2 giant cockroaches
  4 hobgoblins
  3 jackals
  6 kobolds
  5 quokkas
  6 bats
  2 frilled lizards
  4 goblins
  4 rats
  A spectral orc (D:6)
121 creatures vanquished.

Notes
Turn   | Place    | Note
-------+----------+-------------------------------------------
     0 | D:1      | Flugkiller the Minotaur Fighter began the quest for the
                  | Orb.
     0 | D:1      | Reached XP level 1. HP: 19/19 MP: 0/0
    84 | D:1      | Found a faded altar of an unknown god.
   255 | D:1      | Reached skill level 3 in Axes
   255 | D:1      | Reached XP level 2. HP: 27/27 MP: 1/1
   279 | D:1      | Prayed at the altar of an unknown god.
   279 | D:1      | Became a worshipper of Warmaster Okawaru
   279 | D:1      | Reached * piety under Okawaru
   947 | D:2      | Reached XP level 3. HP: 33/33 MP: 2/2
  1272 | D:2      | Reached skill level 1 in Invocations
  1573 | D:2      | Noticed Terence
  1575 | D:2      | Killed Terence
  1576 | D:2      | Reached skill level 4 in Axes
  1576 | D:2      | Reached XP level 4. HP: 33/40 MP: 3/3
  2034 | D:3      | Noticed Jessica
  2037 | D:3      | Killed Jessica
  2039 | D:3      | Reached XP level 5. HP: 47/47 MP: 5/5
  2277 | D:3      | Found a glowing golden altar of the Shining One.
  2539 | D:3      | Identified the +5 spear "Idupan" {freeze, rPois rN+ Dex-2}
  2593 | D:4      | Noticed a phantom
  2604 | D:4      | Killed a phantom
  2604 | D:4      | Reached ** piety under Okawaru
  2605 | D:4      | Reached skill level 5 in Axes
  2692 | D:4      | Reached XP level 6. HP: 55/55 MP: 6/6
  2726 | D:4      | Reached skill level 5 in Fighting
  2726 | D:4      | Reached skill level 5 in Armour
  2976 | D:4      | Reached skill level 6 in Axes
  3090 | D:4      | Reached XP level 7. HP: 60/61 MP: 8/8
  3537 | D:5      | Entered Level 5 of the Dungeon
  3794 | D:5      | Reached *** piety under Okawaru
  3798 | D:5      | Reached skill level 7 in Axes
  4433 | D:5      | Reached XP level 8. HP: 45/70 MP: 9/9
  4823 | D:5      | Found a staircase to the Ecumenical Temple.
  5465 | D:6      | Found a shimmering blue altar of Sif Muna.
  5484 | D:5      | Reached skill level 8 in Axes
  6132 | D:6      | Found a broken altar of Ashenzari.
  6316 | D:6      | Found a hazy altar of Hepliaklqana.
  6433 | D:6      | Reached **** piety under Okawaru
  6645 | D:7      | HP: 3/73 [wyvern (15)]
  6646 | D:7      | Slain by a wyvern

Illustrated notes

Levels and vault maps discovered:
D:1:      nagdon_arrival_zigzag_paths, layout_basic,
          hellmonk_ecumenical_altar_prayer_group, st_stairs_7,
          serial_bayou_pond_e
D:2:      layout_loops_cross, uniq_terence
D:3:      layout_basic, mainiacjoe_overflow_surrounded_room,
          kennysheep_jessica_study
D:4:      layout_loops_cross, kennysheep_decorative_pillar, minmay_bent
D:5:      layout_basic, minmay_temple_entry_purple_smoke
D:6:      layout_rooms, nicolae_hepliaklqana_monster_ancestors,
          nicolae_sif_muna_condensation, cheibrodos_ashenzari_chains,
          minivault_23
D:7:      layout_cave_pools, mainiacjoe_overflow_catwalk, lemuel_doored_altar,
          kb_rosetta

Skill      XL: |  1  2  3  4  5  6  7  8 |
---------------+-------------------------+-----
Axes           | 3 4 5 6 7 8 |  8.9
Fighting       | 4 5 6 7 |  7.0
Armour         | 4 5 6 7 |  7.0
Invocations    | 1 2 3 4 |  4.6
Dodging        | |  0.2
Shields        | |  3.6

Action                   |  1- 3 |  4- 6 |  7- 9 || total
-------------------------+-------+-------+-------++-------
Melee: War axe           |    78 |    83 |   163 ||   324
       Headbutt          |     5 |    17 |    26 ||    48
  Use: Potion            |       |       |     2 ||     2
       Scroll            |       |       |     9 ||     9
Armor: Scale mail        |    43 |    37 |    74 ||   154
Dodge: Dodged            |    43 |    33 |    72 ||   148
Block: Buckler           |    17 |    13 |    26 ||    56
